 Dungeon Crawl Stone Soup version 0.18.1-50-g88ac8fd (webtiles) character file.

106 ololoev the Magician (level 4, -6/24 HPs)
             Began as a Deep Elf Fire Elementalist on Dec 6, 2016.
             Was a Follower of Vehumet.
             Killed from afar by ololoev's ghost (22 damage)
             ... with a stone arrow
             ... on level 4 of the Dungeon.
             The game lasted 00:07:56 (691 turns).

ololoev the Magician (Deep Elf Fire Elementalist)    Turns: 691, Time: 00:07:57

Health: -6/24      AC:  3    Str:  5    XL:     4   Next: 55%
Magic:  0/12       EV: 13    Int: 21    God:    Vehumet [*.....]
Gold:   100        SH:  0    Dex: 15    Spells: 3 memorised, 3 levels left

rFire  . . .     SeeInvis .     b - book of Flames
rCold  . . .     Gourm    .     a - +0 robe
rNeg   . . .     Faith    .     (no shield)
rPois  .         Spirit   .     (no helmet)
rElec  .         Dismiss  .     (no cloak)
rCorr  +         Reflect  .     (no gloves)
SustAt .         Harm     .     m - +0 pair of boots
MR     .....                    (no amulet)
Stlth  ++........               (no ring)
                                l - ring of resist corrosion

@: not resistant to hostile enchantments, unstealthy
A: no striking features
a: Renounce Religion

Inventory:

Armour
 a - a +0 robe (worn)
 m - a +0 pair of boots (worn)
Jewellery
 l - a ring of resist corrosion (left hand)
Scrolls
 d - 2 scrolls of recharging {unknown}
 e - a scroll of random uselessness {unknown}
 i - 3 scrolls of identify {unknown}
 k - a scroll of remove curse {unknown}
Potions
 h - a potion of agility {unknown}
 j - a potion of heal wounds
 o - a potion of curing {unknown}
 p - a potion of brilliance {unknown}
 q - a potion of lignification {unknown}
Books
 b - a book of Flames (in hand)

   Spells                             Type                      Level
   a - Flame Tongue                   Conjuration/Fire             1
   b - Throw Flame                    Conjuration/Fire             2
   c - Conjure Flame                  Conjuration/Fire             3
   d - Inner Flame                    Hexes/Fire                   3
   e - Sticky Flame                   Conjuration/Fire             4
   f - Fireball                       Conjuration/Fire             5
Comestibles
 c - 4 bread rations
 f - a beef jerky
 g - a meat ration
 n - 3 fruits


   Skills:
 - Level 2.4 Dodging
 - Level 2.4 Stealth
 + Level 4.4 Spellcasting
 + Level 3.1 Conjurations
 + Level 4.1 Fire Magic


You had 3 spell levels left.
You knew the following spells:

 Your Spells              Type           Power        Failure   Level  Hunger
a - Flame Tongue          Conj/Fire      ###..        2%          1    None
b - Conjure Flame         Conj/Fire      ###.....     10%         3    ##.....
c - Sticky Flame          Conj/Fire      ###.....     28%         4    ####...


You were on level 4 of the Dungeon.
You worshipped Vehumet.
Vehumet was aware of your devotion.
You were not hungry.

You visited 1 branch of the dungeon, and saw 4 of its levels.

You collected 100 gold pieces.

...># .... ##### #.. ###
#...###'###..## #....#........#
#....#........# #....(........#
#...)##).....# #..).##@.....#
##########....)........#
##.##...##.............#
......................###########
.............W........##....#..#.
..............##......##.........
##......##....##########.........
######+###.......................
.)....................##########.

Notes
Turn   | Place    | Note
--------------------------------------------------------------
     0 | D:1      | ololoev the Deep Elf Fire Elementalist began the quest for the Orb.
     0 | D:1      | Reached XP level 1. HP: 10/10 MP: 6/6
    76 | D:2      | Found a sparkling altar of Nemelex Xobeh.
    82 | D:2      | Found a radiant altar of Vehumet.
    87 | D:2      | Became a worshipper of Vehumet
    88 | D:2      | ololoev: успех!
    88 | D:2      | ololoev: вех а 88м турне
   173 | D:3      | Reached XP level 2. HP: 15/15 MP: 4/8
   320 | D:3      | Iwannabefree: veh na d
   321 | D:3      | Iwannabefree: 2
   326 | D:3      | Iwannabefree: naes
   416 | D:3      | Found a faded altar to an unknown god.
   501 | D:4      | Found a staircase to the Ecumenical Temple.
   504 | D:4      | ololoev: vot sprashivaetsya
   504 | D:4      | ololoev: naxera veh na d2 esli on je na d4 srazu?
   544 | D:4      | Noticed ololoev's ghost (amateur DEEE)
   549 | D:4      | jacquesderrida: ooo
   551 | D:4      | Reached XP level 3. HP: 19/19 MP: 6/10
   556 | D:4      | Learned a level 3 spell: Conjure Flame
   579 | D:4      | Iwannabefree: moya oborona
   622 | D:4      | Iwannabefree: два лалиева
   622 | D:4      | Iwannabefree: на главной
   622 | D:4      | Iwannabefree: какому верить
   640 | D:4      | Reached XP level 4. HP: 17/24 MP: 3/12
   650 | D:4      | Learned a level 4 spell: Sticky Flame
   670 | D:4      | Reached * piety under Vehumet
   670 | D:4      | Offered knowledge of Freeze by Vehumet.
   673 | D:4      | HP: 1/24 [orc/tomahawk (4)]
   691 | D:4      | Killed from afar by ololoev's ghost

Dungeon Overview and Level Annotations

Branches:
Dungeon (4/15)             Temple (0/1) D:4

Altars:
Nemelex Xobeh
Vehumet

Annotations:
D:4 ololoev's ghost, amateur DEEE


Message History

Beogh smites you!
Ouch! That really hurt!
Casting: Flame Tongue
Confirm with . or Enter, or press ? or * to list all spells.
Aiming: Flame Tongue
Press: ? - help, Shift-Dir - straight line, f/p - orc priest
Aim: an orc priest, wielding a club and wearing a leather armour (severely wounded)
The flame tongue hits the orc priest.
You kill the orc priest!
Vehumet accepts your kill.
Your Conjurations skill increases to level 3!
Casting: Flame Tongue
Confirm with . or Enter, or press ? or * to list all spells.
Aiming: Flame Tongue
Press: ? - help, Shift-Dir - straight line, f - orc
Aim: an orc, wielding a club The flame tongue hits the orc.
You kill the orc!
Vehumet accepts your kill.
You can now gain magical power from killing.
Vehumet offers you knowledge of Freeze.
An orc comes into view. It is wielding a dagger.
Items here: )) [ †† a club x2; a leather armour; an orc corpse x2
The orc shouts!
The orc throws a tomahawk.
The tomahawk hits you.
Found a stone staircase leading down.
You see here a tomahawk.
There is an open door here.
Drink which item? (? for menu, Esc to quit)
It was a potion of heal wounds.
You feel much better.
The orc drinks a potion.
The orc seems to grow stronger.
Found 19 stones.
Casting: Flame Tongue
Confirm with . or Enter, or press ? or * to list all spells.
Aiming: Flame Tongue
Press: ? - help, Shift-Dir - straight line, f - orc
Aim: an orc, wielding a dagger (unusually strong)
The flame tongue hits the orc.
You kill the orc!
Vehumet accepts your kill.
The orc throws a tomahawk.
The tomahawk misses you.
There is an open door here.
You see here a tomahawk.
You swing at nothing.
Casting: Flame Tongue
Confirm with . or Enter, or press ? or * to list all spells.
Aiming: Flame Tongue
Press: ? - help, Shift-Dir - straight line, f - orc
Aim: an orc, wielding a hand axe The flame tongue hits the orc.
You kill the orc!
Vehumet accepts your kill.
There is an open door here.
You see here a tomahawk.
Things that are here:
a dagger; a tomahawk; an orc corpse
Casting: Flame Tongue
Confirm with . or Enter, or press ? or * to list all spells.
Aiming: Flame Tongue
Press: ? - help, Shift-Dir - straight line, f - orc
Aim: an orc, wielding a short sword (hasn't noticed you)
The flame tongue hits the orc.
The orc is lightly wounded.
The orc shouts!
There is an open door here.
You see here a tomahawk.
Casting: Flame Tongue
Confirm with . or Enter, or press ? or * to list all spells.
Aiming: Flame Tongue
Press: ? - help, Shift-Dir - straight line, f/p - orc
Aim: an orc, wielding a short sword (lightly wounded)
The flame tongue hits the orc.
You kill the orc!
Vehumet accepts your kill.
Ololoev's ghost says, "I am smarter than you!"
Ololoev's ghost casts a spell at you. The stone arrow hits you!
Ouch! That really hurt!
You die...

You could see ololoev's ghost.

Vanquished Creatures
  An orc priest (D:4)
  An orc wizard (D:4)
  An adder (D:3)
  A worm (D:3)
  A dart slug (D:2)
  A giant gecko (D:4)
  10 orcs
  2 bats (D:2)
  A giant cockroach (D:2)
  A goblin (D:2)
  A hobgoblin (D:1)
  2 quokkas (D:4)
  A kobold (D:2)
  2 rats
26 creatures vanquished.

Action                   |  1- 3 |  4- 6 || total
-------------------------+-------+-------++-------
 Cast: Flame Tongue      |    44 |    11 ||    55
  Use: Potion            |       |     1 ||     1
Armor: Robe              |     9 |     1 ||    10
Dodge: Dodged            |    19 |     1 ||    20

Vault maps used:
D:1:      minmay_arrival_wavy_path, grunt_decor_fettered
D:2:      old_standard_altar, amethyst_overflow_temple_binary, first_bread
D:3:      lemuel_doored_altar, ecumenical_altar_1
D:4:      lightli_temple_of_fire, minmay_temple_entry_trees, uniq_menkaure
